Unix NetHack Version 5.0.0-0 post-release - last build May 10 2026 23:12:36 (d1fa5d53e341ca933230fdaa984d921c805b60aa,branch:main).

Game began 2026-05-12 00:32:34, ended 2026-05-12 00:40:52.

Drastanta, lawful male human Samurai

 --.---------
 |..........|     ---------------    ------
 |..........|     |.............-#   |....|
 |....{.....|  ###.^............|####..<..|
 -.-------.--  #  |..............# # |.....       ---
  ####    #    #  |.............|    ------     - %%-
     ##   #    #  -----------|---              -%%..
      ##  #    #             #                 ...                 -----
    ---.--.--  #           ###  ##            .%                  #-^..|
    |.......|  #           #   ###          ##                    #|%.^|
    |.......|  #         ####### #       #####                    #|Z@)----
    |.......|  #         #  #   ##     ###  #               #######|Z^Z^..|
    |.......|  #    -----.--#   #------#    ##              #      |.^)d..|
    |.......|  #    |......|#   #|.....#     ##           ###      |...Z..|
    |........###    |....(.|#   #|.)..|       #          ##        ----...|
    ---------       |.....>|#   #.(...|       #--------###            |...|
                    |.......#    ------       #-.......#              |...|
                    |......|                   |......|               -----
                    --------                   --------

Drastanta the Ronin    St:14 Dx:18 Co:18 In:9 Wi:9 Ch:7  Lawful
Dlvl:2  $:27 HP:0(31) Pw:10(10) AC:4  Xp:3 T:564 

Latest messages:
 The kobold zombie misses!
 The gnome zombie falls into a pit!
 The dwarf zombie falls into a pit!
 The orc zombie falls into a pit!
 The orc zombie is destroyed!
 Hachi misses the kobold zombie.
 In what direction? 2
 You shoot 2 ya.
 The 1st ya hits the gnome zombie!
 You destroy the gnome zombie!
 Welcome to experience level 3.
 The 2nd ya misses the kobold zombie.
 Hachi misses the kobold zombie.
 In what direction? 2
 You destroy the kobold zombie!
 The kobold zombie hits!
 Hachi misses the kobold zombie.
 In what direction? 1
 You shoot 2 ya.
 The 1st ya hits the kobold zombie!
 You destroy the kobold zombie!
 a - a +0 katana (weapon in right hand).
 c - a +0 yumi (alternate weapon; not wielded).
 The dwarf zombie misses!
 You miss the dwarf zombie.
 A board beneath Hachi squeaks a C note loudly.
 A dwarf zombie claws itself out of the ground!
 A kobold zombie claws itself out of the ground!
 You miss the dwarf zombie.
 Hachi bites the kobold zombie.
 The kobold zombie hits Hachi.
 A dwarf zombie claws itself out of the ground!
 You miss the dwarf zombie.
 The kobold zombie falls into a pit!
 You destroy the dwarf zombie!
 The kobold zombie just misses!
 The dwarf zombie falls into a pit!
 You destroy the kobold zombie!
 The dwarf zombie hits!
 A kobold zombie claws itself out of the ground!
 A kobold zombie claws itself out of the ground!
 You miss the kobold zombie.
 The dwarf zombie hits!
 The dwarf zombie misses!
 Hachi falls into a pit!
 Are you sure you want to pray? [yn] (n) y
 You begin praying to Amaterasu Omikami.
 The dwarf zombie hits!
 You die...
 Do you want your possessions identified? [ynq] (y) q

Inventory:
 Coins    ('$')
  $ - 27 gold pieces
 Weapons  (')')
  d - 28 +0 ya (in quiver)
  c - a +0 yumi (alternate weapon; not wielded)
  a - a +0 katana (weapon in right hand)
  b - a +0 wakizashi
 Armor    ('[')
  e - an uncursed rustproof +0 splint mail (being worn)
 Comestibles  ('%')
  g - a cursed fortune cookie
  n - an uncursed lembas wafer
 Scrolls  ('?')
  o - an uncursed scroll of amnesia
  r - a blessed scroll of blank paper
  p - a blessed scroll of enchant weapon
 Potions  ('!')
  k - an uncursed potion of acid
  f - a cursed potion of gain energy
  i - 3 uncursed potions of healing
  h - a cursed potion of healing
  m - an uncursed potion of monster detection
  j - an uncursed potion of object detection
  l - an uncursed potion of water
 Wands    ('/')
  q - a wand of fire (0:7)

Drastanta the Samurai's attributes:

Background:
 You were a Ronin, a level 3 male human Samurai.
 You were lawful, on a mission for Amaterasu Omikami
 who was opposed by Raijin (neutral) and Susanowo (chaotic).
 You were right-handed.
 You were in the Dungeons of Doom, on level 2.
 You entered the dungeon 564 turns ago.
 It was the midnight hour.
 You had 49 experience points, 31 more were needed to attain level 4.

Basics:
 You had 0 out of 31 hit points.
 You had all 10 energy points (spell power).
 Your armor class was 4.
 Your wallet contained 27 zorkmids.
 Autopickup was off.

Final Characteristics:
 Your strength was 14 (limit:18/100).
 Your dexterity was 18 (limit:18).
 Your constitution was 18 (limit:18).
 Your intelligence was 9 (limit:18).
 Your wisdom was 9 (limit:18).
 Your charisma was 7 (limit:18).

Final Status:
 You weren't hungry.
 You were unencumbered.
 You were wielding a long sword.
 You had basic skill with long sword.

Final Attributes:
 You were fervently aligned.
 You were warded.
 You were fast.
 You are dead.

Miscellaneous:
 You didn't encounter any bones levels.
 Total elapsed playing time was 8 minutes and 17 seconds.

Major events:
 Turn
    1: Drastanta the lawful male human Samurai entered the dungeon
  554: attained the rank of Ronin (level 3)
  564: killed by a dwarf zombie, while praying

You didn't know any spells.

Skills:
 Fighting Skills
   martial arts      [Basic]
   two weapon combat [Unskilled]
   riding            [Unskilled]
 Weapon Skills
   dagger            [Unskilled]
   knife             [Unskilled]
   short sword       [Basic]
   broadsword        [Unskilled]
   long sword        [Basic]
   two-handed sword  [Unskilled]
   saber             [Unskilled]
   flail             [Unskilled]
   quarterstaff      [Unskilled]
   polearms          [Unskilled]
   spear             [Unskilled]
   lance             [Unskilled]
   bow               [Basic]
   shuriken          [Unskilled]
 Spellcasting Skills
   attack spells     [Unskilled]
   divination spells [Unskilled]
   clerical spells   [Unskilled]

Voluntary challenges:
 Character rerolling was not enabled.
 You followed a strict vegan diet.
 You were illiterate.
 You never genocided any monsters.
 You never polymorphed an object.
 You never changed form.
 You used no wishes.
Achievement:
 You attained the rank of Ronin.

 The Dungeons of Doom: levels 1 to 3
    Level 1:
    Level 2: <- You were here.
       A fountain.
       Final resting place for
          you, killed by a dwarf zombie, while praying.
    Level 3:


Vanquished creatures:
  3 orc zombies
  2 dwarf zombies
  4 gnome zombies
  4 jackals
  a fox
  a kobold
  2 grid bugs
  3 lichens
  3 kobold zombies
  a newt
24 creatures vanquished.

No species were genocided or became extinct.

Game over:
                       ----------
                      /          \
                     /    REST    \
                    /      IN      \
                   /     PEACE      \
                  /                  \
                  |    Drastanta     |
                  |      27 Au       |
                  |   killed by a    |
                  |   dwarf zombie   |
                  |                  |
                  |                  |
                  |       2026       |
                 *|     *  *  *      | *
        _________)/\\_//(\/(/\)/\//\/|_)_______

Sayonara Drastanta the Samurai...

You died in The Dungeons of Doom on dungeon level 2 with 321 points,
and 27 pieces of gold, after 564 moves.
You were level 3 with a maximum of 31 hit points when you died.

